 Dungeon Crawl Stone Soup version 0.18.1-5-g4a78601 (webtiles) character file.

352 PossumBlood the Carver (level 6, 0/51 HPs)
             Began as a Minotaur Fighter on May 11, 2016.
             Was a Follower of Okawaru.
             Succumbed to a worker ant's poison
             ... on level 4 of the Dungeon.
             The game lasted 00:04:46 (2400 turns).

PossumBlood the Carver (Minotaur Fighter)           Turns: 2400, Time: 00:04:46

Health: 0/51       AC:  8    Str: 28    XL:     6   Next: 34%
Magic:  5/5        EV:  7    Int:  5    God:    Okawaru [*.....]
Gold:   128        SH: 10    Dex:  9    Spells: 0 memorised, 5 levels left

rFire  + . .     SeeInvis .     a - +0 long sword
rCold  . . .     Gourm    .     b - +0 scale mail
rNeg   . . .     Faith    .     c - +0 shield
rPois  .         Spirit   .     (helmet restricted)
rElec  .         Dismiss  .     q - +0 cloak
rCorr  .         Reflect  .     (no gloves)
SustAt +         Harm     .     (no boots)
MR     .....                    (no amulet)
Stlth  ..........               e - ring of protection from fire
                                m - ring of sustain attributes

@: mighty, lethally poisoned (0 -> -6), very slightly contaminated, not
resistant to hostile enchantments, extremely unstealthy
A: retaliatory headbutt, horns 2
a: Heroism, Renounce Religion


You were on level 4 of the Dungeon.
You worshipped Okawaru.
Okawaru was aware of your devotion.
You were not hungry.

You visited 1 branch of the dungeon, and saw 4 of its levels.

You collected 128 gold pieces.

Inventory:

Hand Weapons
 a - a +0 long sword (weapon)
Armour
 b - a +0 scale mail (worn)
 c - a +0 shield (worn)
 q - a +0 cloak (worn)
Jewellery
 e - a ring of protection from fire (right hand)
 m - a ring of sustain attributes (left hand)
 p - an uncursed ring of sustain attributes
Wands
 k - a wand of digging (24/24)
Scrolls
 l - 3 scrolls of recharging
Potions
 d - a potion of might
 g - a potion of heal wounds
 h - a potion of brilliance
 i - a potion of beneficial mutation {unknown}
 j - a potion of lignification {unknown}
 o - a potion of agility {unknown}
 r - a potion of curing {unknown}
Comestibles
 f - a bread ration


   Skills:
 - Level 3.6 Fighting
 * Level 8.2 Long Blades
 - Level 3.6 Armour
 - Level 3.6 Shields


You had 5 spell levels left.
You didn't know any spells.

Dungeon Overview and Level Annotations

Branches:
Dungeon (4/15)
 Temple: D:4-7

Altars:
Dithmenos
Gozag
Makhleb
Nemelex Xobeh
Okawaru
Pakellas
Qazlal
Yredelemnul
The Shining One


Innate Abilities, Weirdness & Mutations

You reflexively headbutt those who attack you in melee.
You have a pair of horns on your head.


Message History

Drink which item? (? for menu, Esc to quit)
You feel very mighty all of a sudden. The worker ant bites you.
* * * LOW HITPOINT WARNING * * *
You hit the ogre.
The ogre is lightly wounded.
You block the ogre's attack. The worker ant bites you.
* * * LOW HITPOINT WARNING * * *
You are lethally poisoned!
The worker ant poisons you!
You slash the ogre! You headbutt the ogre!
You kill the ogre!
Okawaru is honoured by your kill.
Your Long Blades skill increases to level 8!
You have reached level 6!
Your experience leads to an increase in your attributes!
Your base attributes are Str 22, Int 5, Dex 9.
Increase (S)trength, (I)ntelligence, or (D)exterity?
You feel stronger.
You die...

###########
#>.........
#.#....###
####.#....#
#....#....########
#.......>.†.......
#....#....########
#....###### #@...#
#.....)a.....#
#............#
#....[.##.[..#
#..%%.. #....#
#...... #....#
#...... ##.###
#...... .#


You could see a worker ant.

Vanquished Creatures
  An ogre (D:4)
  A phantom (D:4)
  An iguana (D:4)
  A worker ant zombie (D:3)
  4 adders
  A gnoll (D:3)
  An ooze (D:1)
  3 worms (D:2)
  2 dart slugs
  A giant gecko (D:4)
  5 orcs
  2 ball pythons
  3 giant cockroaches
  9 hobgoblins
  4 jackals
  8 bats
  2 giant newts
  5 goblins
  12 kobolds
  10 rats
76 creatures vanquished.

Notes
Turn   | Place    | Note
--------------------------------------------------------------
     0 | D:1      | PossumBlood the Minotaur Fighter began the quest for the Orb.
     0 | D:1      | Reached XP level 1. HP: 19/19 MP: 0/0
    34 | D:1      | Reached skill level 3 in Long Blades
   235 | D:1      | Reached XP level 2. HP: 26/26 MP: 1/1
   537 | D:1      | Reached skill level 4 in Long Blades
   726 | D:2      | Found a sparkling altar of Nemelex Xobeh.
   755 | D:2      | Reached XP level 3. HP: 31/31 MP: 2/2
   780 | D:2      | Found a burning altar of Makhleb.
  1068 | D:2      | Found an iron altar of Okawaru.
  1073 | D:2      | Became a worshipper of Warmaster Okawaru
  1091 | D:2      | Found a basalt altar of Yredelemnul.
  1168 | D:2      | Found an opulent altar of Gozag.
  1233 | D:2      | Found a glowing golden altar of the Shining One.
  1237 | D:2      | Reached skill level 5 in Long Blades
  1478 | D:3      | Reached XP level 4. HP: 28/39 MP: 3/3
  1614 | D:3      | Found an oddly glowing altar of Pakellas.
  2076 | D:3      | Reached skill level 6 in Long Blades
  2210 | D:3      | Reached XP level 5. HP: 41/45 MP: 4/4
  2214 | D:3      | Found an iron altar of Okawaru.
  2215 | D:3      | Found a shadowy altar of Dithmenos.
  2224 | D:3      | Found a stormy altar of Qazlal.
  2285 | D:4      | Noticed a phantom
  2310 | D:4      | Killed a phantom
  2310 | D:4      | Reached * piety under Okawaru
  2310 | D:4      | Reached skill level 7 in Long Blades
  2392 | D:4      | Noticed an ogre
  2399 | D:4      | HP: 1/45 [worker ant (4)]
  2400 | D:4      | Killed an ogre
  2400 | D:4      | Reached skill level 8 in Long Blades
  2400 | D:4      | Reached XP level 6. HP: 1/51 MP: 5/5
  2400 | D:4      | Succumbed to a worker ant's poison

Skill      XL: |  1  2  3  4  5 |
---------------+----------------+-----
Long Blades    | 3 4 5 6 8 |  8.2
Fighting       | |  3.6
Armour         | |  3.6
Shields        | |  3.6

Action                   |  1- 3 |  4- 6 || total
-------------------------+-------+-------++-------
Melee: Long sword        |   124 |   103 ||   227
       Headbutt          |    26 |    17 ||    43
  Use: Scroll            |       |     7 ||     7
       Potion            |       |     1 ||     1
  Eat: Bread ration      |     1 |     1 ||     2
Armor: Scale mail        |    48 |    39 ||    87
Dodge: Dodged            |    24 |    35 ||    59
Block: Shield            |    54 |    59 ||   113
